 Dungeon Crawl Stone Soup version 0.28-a0-1520-gc3277d3759 (webtiles) character file.

Game seed: 11379121926120558428

285318 gruber the Ogre Mage (level 20, -5/202 HPs)
             Began as an Ogre Hedge Wizard on Jan 17, 2022.
             Was the Champion of Vehumet.
             Shot with a bolt by a yaktaur (11 damage)
             ... led by a yaktaur captain
             ... on level 2 of the Vaults.
             The game lasted 01:52:42 (59709 turns).

gruber the Ogre Mage (Ogre Hedge Wizard)           Turns: 59709, Time: 01:52:42

Health: -5/202     AC: 15    Str: 23    XL:     20   Next: 61%
Magic:  15/51      EV:  8    Int: 21    God:    Vehumet [******]
Gold:   3276       SH: 16    Dex:  6    Spells: 17/55 levels left

rFire   . . .      SeeInvis .   j - +9 eveningstar (drain)
rCold   . . .      Faith    .   Z - +0 tower shield
rNeg    . . .      Spirit   .   L - +0 swamp dragon scales
rPois   +          Reflect  .   S - +1 hat
rElec   +          Harm     .   b - +2 cloak {Stlth+}
rCorr   .          Rampage  .   (gloves unavailable)
Will    ++...                   (boots unavailable)
Stlth   +++.......              m - amulet of regeneration
HPRegen 1.23/turn               o - ring of wizardry
MPRegen 0.32/turn               k - ring "Pukecyn" {rElec MP+9 Str+4 Dex-2 Stlth+}

@: no status effects
A: large, unfitting armour, tough skin 1
}: 2/15 runes: decaying, serpentine
a: Renounce Religion


You were on level 2 of the Vaults.
You worshipped Vehumet.
Vehumet was exalted by your worship.
You visited 8 branches of the dungeon, and saw 36 of its levels.
You also visited: Ossuary, Ice Cave and Volcano.

You collected 6003 gold pieces.
You spent 2727 gold pieces at shops.

Inventory:

Hand Weapons
 j - a +9 eveningstar of draining (weapon)
Missiles
 M - 5 throwing nets
Armour
 b - a +2 cloak of stealth (worn)
 L - +0 swamp dragon scales (worn)
 S - a +1 hat (worn)
 Z - a +0 tower shield (worn)
Jewellery
 h - a ring of resist corrosion
 k - the ring "Pukecyn" (right hand) {rElec MP+9 Str+4 Dex-2 Stlth+}
   (You acquired it on level 2 of the Orcish Mines)

   [ring of magical power]

   Str:       It affects your strength (+4).
   Dex:       It affects your dexterity (-2).
   rElec:     It insulates you from electricity.
   MP:        It affects your magic capacity (+9).
   Stlth:     It makes you more stealthy.
 l - the ring of Wishful Thinking {rC+ Will+ Slay+4}
   (You bought it in a shop on level 2 of the Snake Pit)

   [ring of protection from cold]

   Slay:      It affects your accuracy & damage with ranged weapons and melee
   (+4).
   rC:        It protects you from cold.
   Will:      It increases your willpower.
 m - an amulet of regeneration (around neck)
 o - a ring of wizardry (left hand)
 D - a ring of positive energy
 N - a ring of flight
 W - a ring of see invisible
Wands
 e - a wand of flame (10)
 F - a wand of paralysis (27)
 K - a wand of acid (24)
 O - a wand of mindburst (41)
 Q - a wand of iceblast (31)
 V - a wand of polymorph (38)
 X - a wand of digging (4)
Scrolls
 a - 4 scrolls of fear
 c - 7 scrolls of identify
 d - a scroll of enchant armour
 f - 9 scrolls of magic mapping
 i - 5 scrolls of enchant weapon
 p - 3 scrolls of fog
 q - 6 scrolls of amnesia
 u - 6 scrolls of teleportation
 y - 6 scrolls of blinking
 J - a scroll of silence
 T - 6 scrolls of holy word
Potions
 g - 5 potions of flight
 s - 8 potions of curing
 t - 6 potions of cancellation
 v - 6 potions of brilliance
 w - 8 potions of might
 A - 2 potions of lignification
 B - 3 potions of berserk rage
 C - 2 potions of haste
 G - 8 potions of heal wounds
 P - 7 potions of ambrosia
 Y - 4 potions of resistance
Miscellaneous
 r - a phantom mirror


   Skills:
 - Level 13.2 Fighting
 - Level 0.1 Long Blades
 - Level 10.5 Maces & Flails
 - Level 0.3 Polearms
 - Level 0.1 Slings
 - Level 0.4 Bows
 - Level 0.1 Crossbows
 - Level 9.2 Armour
 - Level 5.1 Dodging
 - Level 1.4 Stealth
 - Level 13.6 Shields
 - Level 18.1 Spellcasting
 - Level 15.0 Conjurations
 - Level 0.1 Hexes
 - Level 8.2 Summonings
 * Level 8.5 Translocations
 - Level 0.1 Transmutations
 - Level 0.1 Fire Magic
 - Level 5.0 Ice Magic
 - Level 7.0 Air Magic
 - Level 6.0 Earth Magic
 - Level 1.0 Poison Magic
 - Level 0.3 Invocations


You had 17 spell levels left.
You knew the following spells:

 Your Spells              Type           Power      Damage    Failure   Level
a - Magic Dart            Conj           100%       1d8       1%          1
b - Blink                 Tloc           100%       N/A       1%          2
c - Call Imp              Summ           52%        N/A       1%          2
d - Mephitic Cloud        Conj/Pois/Air  51%        N/A       1%          3
e - Manifold Assault      Tloc           53%        N/A       4%          5
f - Stone Arrow           Conj/Erth      100%       3d13      1%          3
g - Ignite Poison         Fire/Tmut/Pois 20%        N/A       3%          3
h - Freezing Cloud        Conj/Ice/Air   27%        6-21      1%          5
i - Apportation           Tloc           100%       N/A       1%          1
j - Iron Shot             Conj/Erth      29%        9d6       3%          6
k - Spellforged Servitor  Conj/Summ      30%        N/A       10%         7

Your spell library contained the following spells:

 Spells                   Type           Power      Damage    Failure   Level
 Chain Lightning          Conj/Air       30%        3d40      100%        9
 Fire Storm               Conj/Fire      25%        8d6       100%        9
 Polar Vortex             Ice            20%        N/A       100%        9
 Sandblast                Erth           88%        2d18      1%          1
 Shock                    Conj/Air       100%       1d9       1%          1
 Summon Small Mammal      Summ           100%       N/A       1%          1
 Poisonous Vapours        Pois/Air       72%        N/A       1%          2
 Call Canine Familiar     Summ           52%        N/A       1%          3
 Conjure Flame            Conj/Fire      50%        6-21      1%          3
 Dazzling Flash           Conj/Hex       100%       N/A       1%          3
 Frozen Ramparts          Ice            80%        1d10      1%          3
 Gell's Gravitas          Tloc           53%        N/A       1%          3
 Lesser Beckoning         Tloc           53%        N/A       1%          3
 Ozocubu's Armour         Ice            40%        N/A       1%          3
 Swiftness                Air            48%        N/A       1%          3
 Teleport Other           Tloc           53%        N/A       1%          3
 Airstrike                Air            24%        N/A       1%          4
 Hailstorm                Conj/Ice       57%        3d12      1%          4
 Iskenderun's Mystic Bla  Conj/Tloc      62%        2d13      1%          4
 Passage of Golubria      Tloc           53%        N/A       1%          4
 Passwall                 Tmut/Erth      26%        N/A       2%          2
 Portal Projectile        Hex/Tloc       74%        N/A       2%          3
 Summon Guardian Golem    Hex/Summ       36%        N/A       2%          3
 Orb of Destruction       Conj           35%        9d10      2%          7
 Summon Ice Beast         Ice/Summ       46%        N/A       3%          4
 Lee's Rapid Deconstruct  Erth           22%        3d13*     3%          5
 Animate Skeleton         Necr           38%        N/A       4%          1
 Slow                     Hex            76%        N/A       4%          1
 Sting                    Tmut/Pois      84%        1d7       4%          1
 Inner Flame              Hex/Fire       19%        N/A       4%          3
 Wereblood                Tmut           19%        N/A       8%          2
 Olgreb's Toxic Radiance  Pois           23%        N/A       9%          4
 Starburst                Conj/Fire      25%        6d8       10%         6
 Spider Form              Tmut/Pois      21%        N/A       12%         3
 Tukima's Dance           Hex            19%        N/A       14%         3
 Leda's Liquefaction      Hex/Erth       16%        N/A       14%         4
 Ice Form                 Ice/Tmut       29%        N/A       16%         4
 Silence                  Hex/Air        17%        N/A       30%         5
 Yara's Violent Unravell  Hex/Tmut       9%         3d6       30%         5
 Cause Fear               Hex            9%         N/A       41%         4
 Metabolic Englaciation   Hex/Ice        14%        N/A       41%         5
 Lehudib's Crystal Spear  Conj/Erth      29%        10d8      65%         8
 Ozocubu's Refrigeration  Ice            20%        4d9       71%         7
 Blade Hands              Tmut           9%         N/A       75%         5
 Agony                    Necr           19%        N/A       77%         5
 Excruciating Wounds      Necr           9%         N/A       77%         5
 Statue Form              Tmut/Erth      21%        N/A       88%         6
 Simulacrum               Ice/Necr       14%        N/A       92%         6
 Storm Form               Tmut/Air       17%        N/A       100%        7
 Borgnjor's Revivificati  Necr           9%         N/A       100%        8
 Discord                  Hex            9%         N/A       100%        8


Dungeon Overview and Level Annotations

Branches:
Dungeon (15/15)            Temple (1/1) D:6            Lair (6/6) D:10
  Swamp (4/4) Lair:2        Snake (4/4) Lair:4        Slime (0/5) Lair:5
    Orc (2/2) D:11            Elf (2/3) Orc:2        Vaults (1/5) D:13
 Depths (0/4) D:15        Ossuary (visited)           IceCv (visited)
Volcano (visited)

Altars:
Ashenzari
Cheibriados
Dithmenos
Elyvilon
Fedhas
Gozag
Hepliaklqana
Kikubaaqudgha
Makhleb
Nemelex Xobeh
Okawaru
Qazlal
Ru
Sif Muna
Trog
Uskayaw
Vehumet
Wu Jian
Xom
Yredelemnul
Zin
The Shining One
Beogh
Jiyva

Shops:
D:4 *   D:5 (   D:6 (   D:14 [[(   Orc:2 [*(=?   Elf:2 (   Snake:2 ?[=
Snake:4 (:

Portals:
Trove: Elf:1 (give 8 potions of haste)

Annotations:
D:12 exclusion: obsidian statue
Lair:2 exclusion: 2 oklob plants
Lair:3 exclusion: oklob plant
Vaults:1 3 runed translucent doors, Wakhat's ghost, adept MiFi


Innate Abilities, Weirdness & Mutations

You are too large for most types of armour.
You have tough skin. (AC +1)


Message History

You open the door.
Found 13 gold pieces.
The ironbound convoker casts a spell at the vault sentinel.
The vault sentinel seems to grow stronger.
Your spellforged servitor points at the ironbound convoker and mumbles some strange words.
The iron shot misses the ironbound convoker.
There is an open door here.
The tengu reaver casts a spell at you. The bolt of poison hits you! You resist.
The vault sentinel blows a loud note on a signal horn!
The orc warlord no longer looks unusually strong.
The ironbound convoker points at something and mumbles some strange words.
The orc knight roars a battlecry!
The orc warlord goes into a battle-frenzy!
A wizard comes into view. It is wielding a +0 dagger.
The wizard gestures wildly while chanting.
The wizard flickers and vanishes!
Deactivating autopickup; reactivate with Ctrl-A.
You block something's attack.
The orc warlord roars a battlecry!
Something hits you but does no damage.
A yaktaur comes into view.
The yaktaur wields a +0 arbalest.
The yaktaur shoots a bolt.
The bolt barely misses you.
The yaktaur shoots a bolt.
You block the bolt.
An ironbound convoker comes into view.
It is wielding a +0 great mace and wearing a +2 ring mail of poison resistance.
The yaktaur shoots a bolt.
You block the bolt.
Found 17 gold pieces.
The yaktaur shoots a bolt.
The bolt hits you!!
The orc warlord no longer looks unusually strong.
The orc knight no longer looks unusually strong.
The yaktaur shoots a bolt.
You block the bolt.
The orc knight roars a battlecry!
The orc warlord goes into a battle-frenzy!
The tengu reaver gestures at you while chanting.
The bolt of acid hits you!!!
* * * LOW HITPOINT WARNING * * *
The yaktaur shoots a bolt.
The bolt hits you!!
* * * LOW HITPOINT WARNING * * *
The yaktaur shoots a bolt.
The bolt hits you!
You die...

########################
..........Q.............
.......@.o...o..........
..............p.........
...$....................
........c......#########
+#.............'........
#.............#).......
#............)#.)......
#.............#[p......
..........YG.#).e.....


You could see an orc warlord (strong), a tengu reaver, an orc knight, an
ironbound convoker and a yaktaur.

Vanquished Creatures
  Mara (Snake:3)
  A shard shrike (IceCv)
  Vashnia (Snake:3)
  A tentacled monstrosity (Swamp:4)
  Rupert (Lair:5)
  A thorn hunter (Swamp:1)
  Kirke (Elf:1)
  Agnes (Snake:3)
  3 nagarajas
  Roxanne (Swamp:1)
  2 ghouls (Swamp:4)
  Aizul (Snake:3)
  2 orc warlords (Orc:2)
  4 ironbound preservers
  4 very ugly things
  2 ironbound thunderhulks
  A deep elf demonologist (Elf:1)
  2 eleionomae (Swamp:1)
  A white draconian (IceCv)
  8 bunyips
  A minotaur (D:13)
  2 dire elephants (Vaults:2)
  A deep elf death mage (Elf:2)
  Snorg (Lair:6)
  2 green deaths (Swamp:4)
  An ettin (Orc:2)
  A great orb of eyes (Vaults:2)
  2 nameless horrors (Snake:3)
  A yaktaur captain (Vaults:2)
  The ghost of Yorgos the Fighter, a journeyman GrMo (D:13)
  2 shambling mangroves
  A deep elf high priest (Elf:1)
  The ghost of Aceekuaquu the Protected, a journeyman MiBe of Trog (Lair:3)
  2 boulder beetles
  6 naga warriors
  A salamander tyrant (Snake:4)
  A ghost crab (Swamp:4)
  9 hydras
  2 spriggan air magi (Swamp:4)
  6 ironbound frosthearts
  4 vault guards (D:13)
  Harold (D:7)
  9 centaur warriors
  An ogre mage (D:15)
  A peacekeeper (Vaults:2)
  13 anacondas
  23 dancing weapons
  A merfolk avatar (Lair:6)
  13 alligators
  A vampire mage (D:15)
  13 death yaks
  7 two-headed ogres
  3 tengu warriors
  3 orc high priests (Orc:2)
  24 naga sharpshooters
  A thrashing horror (Swamp:4)
  A spriggan berserker (Swamp:4)
  13 deep elf knights
  Sonja (Lair:5)
  8 shock serpents
  3 skeletal warriors
  3 salamander mystics (Snake:4)
  A death drake (Swamp:2)
  5 goliath frogs
  A spriggan druid (Swamp:1)
  7 naga ritualists
  11 deep trolls
  8 deep elf archers
  7 bog bodies
  7 swamp dragons
  3 lindwurms
  3 ironbound convokers (Vaults:1)
  23 deep elf zephyrmancers
  An orange crystal statue (IceCv)
  19 deep elf pyromancers
  A wizard (Vaults:1)
  11 mana vipers
  A wolf spider (D:15)
  A necromancer (D:15)
  3 orc knights (Orc:2)
  23 ugly things
  A will-o-the-wisp (Swamp:4)
  7 manticores
  6 orc sorcerers
  10 salamanders
  2 cyclopes
  A frost giant skeleton (D:15)
  Maurice (D:10)
  38 black mambas
  11 elephants (Lair:5)
  11 naga magi
  5 guardian serpents (Snake:4)
  A torpor snail (Lair:4)
  3 vault sentinels
  9 cane toads
  2 orange demons (Swamp:4)
  4 gargoyles (Volcano)
  6 komodo dragons
  Maggie (D:7)
  An efreet (D:14)
  4 freezing wraiths
  23 rime drakes
  2 unseen horrors
  A kobold demonologist (D:12)
  5 yaktaurs
  7 trolls
  A bloated husk (Swamp:1)
  2 tengu conjurers
  6 meliai
  A queen bee (Lair:5)
  A guardian mummy (D:15)
  14 hornets
  21 polar bears
  A wind drake (Lair:5)
  5 tyrant leeches
  23 blink frogs
  21 slime creatures
  4 harpy skeletons (Volcano)
  6 dream sheep (Lair:5)
  2 dream sheep (shapeshifter)
  3 flying skulls (Volcano)
  3 air elementals (Elf:1)
  4 shadows
  2 ettin skeletons (D:15)
  3 alligator skeletons (Volcano)
  2 wyverns (Lair:6)
  A fire bat (shapeshifter) (Elf:1)
  A water elemental (Elf:1)
  2 wraiths
  7 spriggans
  4 fire elementals
  46 yaks
  3 basilisks
  4 hogs (Elf:1)
  6 humans (D:13)
  A steam dragon (Lair:6)
  Menkaure (D:5)
  2 wargs
  10 water moccasins
  25 nagas
  10 swamp worms
  Duvessa (D:7)
  2 swamp drakes
  A large abomination (Swamp:4)
  40 orc warriors
  A black bear (D:7)
  2 ice beasts (D:7)
  A sky beast (D:5)
  6 wolves (Lair:4)
  8 ogres
  18 centaurs
  3 necrophages
  A wolf (shapeshifter) (D:15)
  A phantom (D:6)
  3 lemures
  A kobold brigand (D:10)
  13 bullfrogs
  3 earth elementals
  4 gnoll sergeants
  2 scorpions
  Dowan (D:7)
  29 killer bees
  5 wights
  4 spriggan skeletons
  3 howler monkeys
  3 centaur zombies
  2 bullfrog zombies
  A jelly (D:6)
  2 hounds (D:6)
  A gnoll shaman (D:7)
  21 orc priests
  A bullfrog skeleton (D:6)
  2 iguanas
  26 orc wizards
  A naga skeleton (Volcano)
  8 mummies (Ossuary)
  Robin (D:3)
  2 howler monkey skeletons (D:7)
  2 howler monkey zombies
  25 gnolls
  4 adders
  3 shadow imps
  A white imp (D:8)
  An ufetubus (D:6)
  An adder skeleton (D:4)
  3 worms
  5 dart slugs
  102 orcs
  10 bats
  2 endoplasms (D:1)
  7 giant cockroaches
  18 goblins
  17 hobgoblins
  3 jackals (D:2)
  8 kobolds
  4 quokkas
  10 ball pythons
  3 frilled lizards
  3 gnoll zombies (Ossuary)
  2 hobgoblin zombies (Ossuary)
  2 kobold zombies (Ossuary)
  An orc zombie (Ossuary)
  4 rats
1241 creatures vanquished.

Vanquished Creatures (collateral kills)
  A vault warden (Vaults:2)
  A very ugly thing (Vaults:2)
  A war gargoyle (Vaults:2)
  5 dire elephants
  A deep troll (Vaults:2)
  An orc knight (Vaults:2)
  Pikel (D:4)
  A vault sentinel (Vaults:2)
  A yaktaur (Vaults:2)
  2 scorpions
  A wight (D:5)
  3 orcs (D:6)
19 creatures vanquished.

Vanquished Creatures (others)
  A vault guard (D:13)
  A deep elf zephyrmancer (Elf:2)
  A rime drake (IceCv)
  2 bloated husks
  A human (D:13)
  An orc wizard (D:7)
  41 fungi
  73 plants
  6 withered plants (D:15)
127 creatures vanquished.

Grand Total: 1387 creatures vanquished

Notes
Turn   | Place    | Note
-------+----------+-------------------------------------------
     0 | D:1      | gruber the Ogre Hedge Wizard began the quest for the Orb.
     0 | D:1      | Reached XP level 1. HP: 16/16 MP: 5/5
    99 | D:1      | Reached skill level 4 in Spellcasting
   149 | D:1      | Reached XP level 2. HP: 24/24 MP: 4/7
   822 | D:1      | Reached XP level 3. HP: 30/31 MP: 2/9
  1443 | D:2      | Reached skill level 5 in Spellcasting
  1651 | D:2      | Reached XP level 4. HP: 39/39 MP: 4/11
  1859 | D:2      | Found a faded altar of an unknown god.
  1914 | D:2      | Reached skill level 1 in Fighting
  2847 | D:3      | Identified the amulet "Luaciwav" {Acrobat rElec Will-
                  | Int+3}
  3012 | D:3      | Reached XP level 5. HP: 52/52 MP: 8/13
  3562 | D:3      | Noticed Robin
  3759 | D:3      | Killed Robin
  4354 | D:4      | Found a sand-covered staircase.
  4359 | Ossuary  | Entered an ossuary
  4632 | Ossuary  | Reached skill level 5 in Fighting
  4663 | Ossuary  | Reached XP level 6. HP: 53/66 MP: 0/14
  5330 | D:4      | Found Icloin's General Store.
  5427 | D:3      | Learned a level 2 spell: Blink
  5430 | D:3      | Learned a level 2 spell: Call Imp
  5434 | D:3      | Learned a level 3 spell: Mephitic Cloud
  5440 | D:3      | Learned a level 5 spell: Manifold Assault
  5547 | D:4      | Found a hide-covered altar of Uskayaw.
  5555 | D:4      | Reached skill level 1 in Maces & Flails
  5686 | D:4      | Found an opulent altar of Gozag.
  6143 | D:4      | Noticed Pikel
  6576 | D:4      | Reached XP level 7. HP: 59/75 MP: 3/15
  6778 | D:4      | Killed Pikel
  6779 | D:4      | Reached skill level 5 in Maces & Flails
  6779 | D:4      | Reached skill level 1 in Poison Magic
  6779 | D:4      | Reached XP level 8. HP: 54/83 MP: 10/16
  7186 | D:5      | Entered Level 5 of the Dungeon
  7427 | D:5      | Found Keha's Antique Weapon Boutique.
  7439 | D:5      | Bought a crystal great mace for 241 gold pieces
  7439 | D:5      | Identified the +1 great mace of Wum Syxt {venom, rPois rC-
                  | rCorr Dex+2} (You bought it in a shop on level 5 of the
                  | Dungeon)
  7451 | D:5      | Found a bloodstained altar of Trog.
  7732 | D:5      | Noticed Menkaure
  7745 | D:5      | Killed Menkaure
  7746 | D:5      | Reached skill level 1 in Air Magic
  8050 | D:6      | Reached XP level 9. HP: 88/89 MP: 15/17
  8087 | D:6      | Found a staircase to the Ecumenical Temple.
  8479 | D:4      | Reached skill level 6 in Spellcasting
  8656 | D:6      | Found Egim Daw's Antique Weapon Shop.
  8665 | D:6      | Bought a bloodstained whip for 195 gold pieces
  8665 | D:6      | Identified the +10 whip "Exti" {pain, rPois} (You bought it
                  | in a shop on level 6 of the Dungeon)
  8918 | Temple   | Entered the Ecumenical Temple
  8927 | Temple   | Became a worshipper of Vehumet
  9163 | D:7      | Reached skill level 7 in Spellcasting
  9475 | D:6      | Reached skill level 8 in Spellcasting
  9556 | D:7      | Reached skill level 1 in Conjurations
  9556 | D:7      | Reached skill level 1 in Summonings
  9865 | D:7      | Noticed Maggie
  9881 | D:7      | Killed Maggie
 10164 | D:7      | Reached skill level 1 in Armour
 10175 | D:7      | Found a sparkling altar of Nemelex Xobeh.
 10187 | D:7      | Noticed Duvessa
 10191 | D:7      | Noticed Dowan
 10200 | D:7      | Killed Duvessa
 10201 | D:7      | Reached XP level 10. HP: 92/102 MP: 13/22
 10316 | D:7      | Killed Dowan
 10442 | D:7      | Noticed Harold
 10463 | D:7      | Killed Harold
 10916 | D:8      | Reached * piety under Vehumet
 10916 | D:8      | Offered knowledge of Freeze by Vehumet.
 11040 | D:8      | Paralysed by a hornet for 1 turns
 11054 | D:8      | Reached skill level 5 in Armour
 11394 | D:8      | Learned a level 3 spell: Stone Arrow
 12051 | D:9      | Reached skill level 1 in Earth Magic
 12149 | D:9      | Found a burning altar of Makhleb.
 12348 | D:9      | Reached skill level 5 in Earth Magic
 12354 | D:9      | Reached XP level 11. HP: 109/109 MP: 8/23
 12727 | D:10     | Entered Level 10 of the Dungeon
 12842 | D:10     | Reached skill level 5 in Conjurations
 12931 | D:10     | Noticed Maurice
 13031 | D:9      | Offered knowledge of Scorch by Vehumet.
 13105 | D:9      | Reached ** piety under Vehumet
 13157 | D:10     | Killed Maurice
 13863 | D:10     | Found an ancient bone altar of Kikubaaqudgha.
 13864 | D:10     | Found a shimmering altar of Xom.
 14012 | D:10     | Identified the +1 long sword of the Other Side {freeze, rC+
                  | Int+3 SInv}
 14023 | D:10     | Found a staircase to the Lair.
 14514 | D:11     | Found a staircase to the Orcish Mines.
 14537 | D:11     | Offered knowledge of Ignite Poison by Vehumet.
 14778 | D:11     | Learned a level 3 spell: Ignite Poison
 15038 | D:11     | Reached skill level 9 in Spellcasting
 15314 | D:11     | Found a glowing golden altar of the Shining One.
 15341 | D:11     | Reached *** piety under Vehumet
 15727 | D:12     | Noticed an obsidian statue
 15755 | D:12     | Found a gate leading to a gauntlet.
 15838 | D:12     | Reached skill level 10 in Spellcasting
 16037 | D:12     | Noticed a two-headed ogre
 16043 | D:12     | Killed a two-headed ogre
 16338 | D:12     | Noticed a centaur warrior
 16402 | Lair:1   | Entered Level 1 of the Lair of Beasts
 16610 | Lair:1   | Found a dark tunnel.
 16621 | Volcano  | Entered a volcano
 16641 | Volcano  | Reached XP level 12. HP: 123/123 MP: 19/26
 16811 | Volcano  | Offered knowledge of Sticky Flame by Vehumet.
 16917 | Volcano  | Reached skill level 10 in Fighting
 19049 | Lair:2   | Noticed an eight-headed hydra
 19125 | Lair:2   | Found a staircase to the Swamp.
 19159 | Lair:2   | Killed an eight-headed hydra
 19691 | Lair:2   | Reached **** piety under Vehumet
 20277 | Lair:3   | Found a large runed translucent door.
 20277 | Lair:3   | Found a large runed translucent door.
 20288 | Lair:3   | Noticed Aceekuaquu's ghost (journeyman MiBe)
 20440 | Lair:3   | Noticed a four-headed hydra
 20446 | Lair:3   | Killed a four-headed hydra
 20700 | Lair:3   | Reached XP level 13. HP: 116/144 MP: 12/27
 20868 | Lair:3   | Offered knowledge of Freezing Cloud by Vehumet.
 21486 | Lair:4   | Reached skill level 10 in Conjurations
 21502 | Lair:4   | Learned a level 5 spell: Freezing Cloud
 21643 | Lair:4   | Reached skill level 1 in Ice Magic
 21733 | Lair:4   | Found a staircase to the Snake Pit.
 22401 | Lair:4   | Found a runed translucent door.
 23124 | Lair:5   | Noticed Rupert
 23126 | Lair:5   | Paralysed by Rupert for 2 turns
 23227 | Lair:5   | Reached skill level 5 in Ice Magic
 23577 | Lair:5   | Reached ***** piety under Vehumet
 23577 | Lair:5   | Offered knowledge of Hailstorm by Vehumet.
 23759 | Lair:5   | Reached skill level 5 in Air Magic
 24276 | Lair:5   | Noticed Sonja
 24286 | Lair:5   | Killed Sonja
 24287 | Lair:5   | Reached XP level 14. HP: 126/153 MP: 7/28
 24447 | Lair:5   | Reached skill level 11 in Spellcasting
 24679 | Lair:5   | Killed Rupert
 24804 | Lair:5   | Found a viscous altar of Jiyva.
 24804 | Lair:5   | Found a staircase to the Slime Pits.
 25102 | Lair:6   | Entered Level 6 of the Lair of Beasts
 25108 | Lair:6   | Reached skill level 12 in Spellcasting
 25915 | Lair:6   | Reached skill level 13 in Spellcasting
 25916 | Lair:6   | Paralysed by a hornet for 3 turns
 26075 | Lair:6   | Noticed Snorg
 26093 | Lair:6   | Killed Snorg
 26677 | Lair:6   | Reached skill level 14 in Spellcasting
 28150 | Orc:1    | Entered Level 1 of the Orcish Mines
 28250 | D:11     | Reached XP level 15. HP: 161/161 MP: 27/33
 28263 | Orc:1    | Offered knowledge of Orb of Destruction by Vehumet.
 28604 | Orc:2    | Entered Level 2 of the Orcish Mines
 28754 | Orc:2    | Found Huceicau's Magic Scroll Shop.
 28762 | Orc:2    | Bought a scroll of acquirement for 936 gold pieces
 28762 | Orc:2    | Acquired the ring "Pukecyn" {rElec MP+9 Str+4 Dex-2 Stlth+}
 29164 | Orc:2    | Noticed an orc warlord
 29168 | Orc:2    | Reached skill level 10 in Maces & Flails
 29442 | Orc:2    | Found a staircase to the Elven Halls.
 29626 | Orc:2    | Paralysed by an orc sorcerer for 2 turns
 29719 | Orc:2    | HP: 1/161 [orc priest/nerve-wracking pain (9)]
 30425 | Orc:2    | Noticed an orc warlord
 30603 | Orc:2    | Killed an orc warlord
 31053 | Orc:2    | Found Xiqirgh's Antique Armour Emporium.
 31054 | Orc:2    | Found Vemaevir's Antique Weapon Emporium.
 31066 | Orc:2    | Found Veyjuduu's General Store.
 31066 | Orc:2    | Found Yjieqump's Jewellery Shoppe.
 31227 | Orc:2    | Killed an orc warlord
 31444 | Orc:1    | Acquired 1195 gold pieces
 32174 | D:12     | Learned a level 1 spell: Apportation
 32177 | D:12     | Identified the +1 pair of gloves of Awomeil {Regen+ rCorr
                  | Slay-3} (You found it on level 12 of the Dungeon)
 32243 | D:12     | Got the Tome of Displacement and Changing
 32252 | D:12     | Got the Catalogue of Dark Changing
 33024 | D:13     | Found a runed translucent gate.
 33024 | D:13     | Found a runed translucent gate.
 33024 | D:13     | Found a runed translucent gate.
 33027 | D:13     | Noticed Yorgos's ghost (journeyman GrMo)
 33725 | D:14     | Found Kupetzai's Antique Weapon Boutique.
 34100 | D:14     | Offered knowledge of Fireball by Vehumet.
 34192 | D:14     | Found an ornate altar of the Wu Jian Council.
 34291 | D:14     | Found Zeheret's Antique Armour Emporium.
 34442 | D:14     | Found Heisea's Armour Boutique.
 34519 | D:14     | Found a white marble altar of Elyvilon.
 34669 | D:15     | Entered Level 15 of the Dungeon
 35239 | D:15     | Found a staircase to the Depths.
 35257 | D:15     | Reached XP level 16. HP: 166/170 MP: 23/34
 36259 | Swamp:1  | Entered Level 1 of the Swamp
 36655 | Swamp:1  | Identified Roxanne's Guide on the Mountains
 36655 | Swamp:1  | Noticed Roxanne
 36696 | Swamp:1  | Noticed a thorn hunter
 36707 | Swamp:1  | Killed a thorn hunter
 37582 | Swamp:1  | Killed Roxanne
 37582 | Swamp:1  | Offered knowledge of Conjure Ball Lightning by Vehumet.
 38625 | Swamp:2  | Reached skill level 15 in Conjurations
 38789 | Swamp:2  | Reached skill level 1 in Shields
 39513 | Swamp:3  | Found a frozen archway.
 39580 | IceCv    | Entered an ice cave
 39747 | IceCv    | Reached skill level 5 in Shields
 40455 | IceCv    | Offered knowledge of Iron Shot by Vehumet.
 40456 | IceCv    | Reached XP level 17. HP: 178/178 MP: 31/35
 41057 | IceCv    | Learned a level 6 spell: Iron Shot
 41317 | IceCv    | Noticed a shard shrike
 41518 | IceCv    | Killed a shard shrike
 41784 | IceCv    | Got Sif Muna's Volume of the Frostbite
 42507 | Swamp:4  | Entered Level 4 of the Swamp
 43094 | Swamp:4  | Reached skill level 10 in Shields
 43976 | Swamp:4  | Noticed a tentacled monstrosity
 43988 | Swamp:4  | Killed a tentacled monstrosity
 44234 | Swamp:4  | Got a decaying rune of Zot
 44705 | Snake:1  | Entered Level 1 of the Snake Pit
 44776 | Snake:1  | Reached ****** piety under Vehumet
 44926 | Snake:1  | You fall into a shaft and drop 1 floor!
 44950 | Snake:2  | Reached XP level 18. HP: 163/185 MP: 34/36
 45122 | Snake:2  | Found Guirapp's Magic Scroll Shoppe.
 45124 | Snake:2  | Found Batepp's Armour Emporium.
 45127 | Snake:2  | Found Coufuiky's Jewellery Shoppe.
 45138 | Snake:2  | Reached skill level 5 in Dodging
 45259 | Snake:2  | Bought the ring of Wishful Thinking {rC+ Will+ Slay+4} for
                  | 761 gold pieces
 45786 | Snake:1  | Offered knowledge of Spellforged Servitor by Vehumet.
 47199 | Snake:2  | Learned a level 7 spell: Spellforged Servitor
 47272 | Snake:3  | Noticed Agnes
 47277 | Snake:3  | Killed Agnes
 47702 | Snake:3  | Noticed Mara
 47931 | Snake:3  | Noticed Vashnia
 48052 | Snake:3  | Killed Vashnia
 48647 | Snake:3  | Identified the +2 quarterstaff of the Silent Majority
                  | {holy, rElec rC- Will+++ Str-5}
 48869 | Snake:3  | Noticed Aizul
 48886 | Snake:3  | Killed Aizul
 49246 | Snake:3  | Offered knowledge of Maxwell's Capacitive Coupling by
                  | Vehumet.
 49411 | Snake:3  | Killed Mara
 49412 | Snake:3  | Reached skill level 5 in Summonings
 49757 | Snake:4  | Entered Level 4 of the Snake Pit
 49941 | Snake:4  | Found Igoosig's Book Shoppe.
 49941 | Snake:4  | Identified the +9 shortbow "Mud Pie of Death" {vorpal,
                  | rElec Dex-4 SInv}
 50170 | Snake:4  | Acquired 848 gold pieces
 50230 | Snake:4  | Found Qoqu's Weapon Boutique.
 51372 | Snake:4  | Reached XP level 19. HP: 145/193 MP: 9/37
 52681 | Snake:4  | Got a serpentine rune of Zot
 53014 | Elf:1    | Entered Level 1 of the Elven Halls
 53083 | Elf:1    | Found a radiant altar of Vehumet.
 53091 | Elf:1    | Paralysed by an air elemental for 1 turns
 53362 | Elf:1    | Reached skill level 15 in Spellcasting
 53536 | Elf:1    | Paralysed by an air elemental for 1 turns
 54199 | Elf:1    | Noticed Kirke
 54207 | Elf:1    | Killed Kirke
 54355 | Elf:1    | Reached skill level 16 in Spellcasting
 54359 | Elf:1    | Offered knowledge of Fire Storm by Vehumet.
 54359 | Elf:1    | Offered knowledge of Chain Lightning by Vehumet.
 54359 | Elf:1    | Offered knowledge of Polar Vortex by Vehumet.
 54521 | Elf:1    | Found a portal to a secret trove of treasure.
 55310 | Elf:2    | Reached skill level 17 in Spellcasting
 55445 | Elf:2    | Found Pepea's Weapon Shop.
 55620 | Elf:2    | Found a runed translucent gate.
 55621 | Elf:2    | Found a runed translucent gate.
 55621 | Elf:2    | Found a runed translucent gate.
 56412 | Elf:2    | Reached XP level 20. HP: 200/202 MP: 28/41
 56425 | Elf:2    | Reached skill level 18 in Spellcasting
 57010 | D:14     | Bought a glowing eveningstar for 594 gold pieces
 57446 | Lair:3   | Killed Aceekuaquu's ghost
 57447 | Lair:3   | Reached skill level 1 in Translocations
 57643 | D:13     | Killed Yorgos's ghost
 58181 | D:13     | Found a gate to the Vaults.
 58190 | Vaults:1 | Entered Level 1 of the Vaults
 58673 | Vaults:1 | Found a runed translucent gate.
 58674 | Vaults:1 | Found a runed translucent gate.
 58674 | Vaults:1 | Found a runed translucent gate.
 58694 | Vaults:1 | Noticed Wakhat's ghost (adept MiFi)
 58828 | Vaults:1 | Reached skill level 5 in Translocations
 59256 | Vaults:1 | You fall into a shaft and drop 1 floor!
 59708 | Vaults:2 | HP: 5/202 [yaktaur/bolt[a yaktaur captain] (19)]
 59709 | Vaults:2 | Shot with a bolt by a yaktaur

Illustrated notes

Levels and vault maps discovered:
D:1:      evilmike_arrival_hilbert_curve, layout_basic, nrook_mini_vaults
D:2:      layout_basic, hellmonk_ecumenical_altar_lost_god, minmay_quantized
D:3:      wander_river, layout_basic, uniq_robin
D:4:      minmay_evil_eye, layout_gridville, nicolae_gozag_seed_capital,
          nicolae_uskayaw_dance_hall, enter_ossuary_2, serial_shops, shop,
          kennysheep_opposing_triangles, uniq_pikel
D:5:      layout_gridville, mainiacjoe_overflow_24_doors, serial_shops,
          nicolae_shop_trees, uniq_menkaure
D:6:      layout_rooms, minmay_temple_entry_glassed_door, serial_glass,
          glass_columns_a, glass_columns_a, serial_shops, shop
D:7:      layout_cave_pods, nemelex_xobeh_ov_fountains_minmay, uniq_duvessa,
          uniq_maggie, uniq_harold
D:8:      layout_basic, nicolae_figureground_pulse
D:9:      layout_gridville, old_standard_altar, minmay_misc_feat_roman,
          the_hattery
D:10:     layout_cave_pools, minitemple, grunt_lair_entry_orc_guard_hut,
          blue_anna_alchemist, uniq_maurice
D:11:     layout_roguey, david_orc_5, minmay_misc_feat_hallway, tso_metal_star
D:12:     layout_irregular_city, gauntlet_entry_generic, minmay_protected_statue
D:13:     layout_roguey, ximxim_vaults_locker_room,
          maelrawn_ghost_gauntlet_escape, drop_trap
D:14:     layout_cave_pools, serial_shops, shop, nicolae_lakefront_shop, shop,
          elyvilon_altar_1, eino_small_chamber_without_monster,
          nicolae_wu_jian_wuxing_cycle
D:15:     gammafunk_depths_entry_grave, layout_cave_pools,
          kennysheep_crisscross, hex_tiny
Temple:   nicolae_temple_no_exploring_needed
Lair:1:   layout_misc_corridors, enter_volcano_2, serial_bayou_shore_b,
          infiniplex_staircase_pool_2
Lair:2:   minmay_lair_oklob_tunnel, layout_cave_shapes, swamp_mist,
          minmay_holes, small_statue_intersection,
          dreamdust_deal_with_the_devil, wad_woods_03
Lair:3:   layout_cellular_growth, ebering_ghost_disaster_area
Lair:4:   layout_cave_pods, minmay_snake_entry_guardpost_small, minivault_11,
          pf_torpor_hydra, grunt_megastairs_3, serial_bayou_shore_b
Lair:5:   layout_roguey [special_room_bee], slime_altar_1, grunt_megastairs_4,
          uniq_rupert, uniq_sonja
Lair:6:   gammafunk_lair_ancient_temple, layout_regular_city, uniq_snorg
Swamp:1:  layout_basic_swamp, serial_swamp_ruin, hangedman_swamp_ruin_wall,
          hangedman_swamp_ruin_hall, swamp_pool5, nicolae_swamp_well_well_well,
          uniq_roxanne
Swamp:2:  layout_falls_marsh, nicolae_swamp_tree_isthmus
Swamp:3:  layout_basic_swamp, portal_ice_cave_entry_frozen_things,
          evilmike_swamp_ruin_rubble_1
Swamp:4:  swamp_vile, layout_basic_swamp, hangedman_swamp_pad
Snake:1:  layout_rooms
Snake:2:  layout_rooms, minmay_shop_star
Snake:3:  onia_ninara_swampy_vault, layout_basic,
          hangedman_snake_thin_pillar_pass, uniq_mara, uniq_vashnia, uniq_aizul,
          uniq_agnes
Snake:4:  snake_pit_salamanders_mu, layout_layer_cave, serial_shops,
          nicolae_diamond_shop, shop
Orc:1:    layout_caves
Orc:2:    st_orc_congregation, layout_diamond_mine, serial_shops, shop_statue
Elf:1:    eino_elf_arrival_altar, layout_onion_city, enter_trove_2,
          hangedman_elf_represent, amethyst_killhole, uniq_kirke
Elf:2:    nicolae_elf_blades_crystal_corner, layout_loops_cross, serial_shops,
          shop_fountains, nrook_uturn
Vaults:1: gammafunk_ghost_split, nicolae_vaults_network_barrier,
          ontoclasm_vaults_echo, ontoclasm_vaults_fault, v_misc_9,
          nicolae_vaults_theta, layout_vaults_quadrants
Vaults:2: ebering_ghost_inner_flame, hangedman_vaults_trim, grunt_vaults_twisty,
          hangedman_vaults_capsules, v_misc_4, hangedman_vaults_restitches,
          layout_vaults_chaotic_city

Skill      XL: |  1  2  3  4  5  6  7  8  9 10 11 12 13 14 15 16 17 18 19 20 |
---------------+-------------------------------------------------------------+-----
Spellcasting   | 4 5 8 10 14 17 18 | 18.1
Fighting       | 2 5 6 7 9 13 | 13.2
Maces & Flails | 3 5 7 9 10 | 10.5
Poison Magic   | 1 |  1.0
Air Magic      | 1 7 |  7.0
Dodging        | 4 5 |  5.1
Conjurations   | 3 4 7 9 10 12 15 | 15.0
Summonings     | 1 6 8 |  8.2
Armour         | 1 5 7 9 |  9.2
Earth Magic    | 5 6 |  6.0
Ice Magic      | 5 |  5.0
Shields        | 6 11 13 | 13.6
Translocations | 8 |  8.5
Long Blades    | |  0.1
Polearms       | |  0.3
Slings         | |  0.1
Bows           | |  0.4
Crossbows      | |  0.1
Stealth        | |  1.4
Hexes          | |  0.1
Transmutations | |  0.1
Fire Magic     | |  0.1
Invocations    | |  0.3

Action                   |  1- 3 |  4- 6 |  7- 9 | 10-12 | 13-15 | 16-18 | 19-21 || total
-------------------------+-------+-------+-------+-------+-------+-------+-------++-------
Melee: Dagger            |    26 |    18 |       |       |       |       |       ||    44
       Punch             |     2 |     3 |     2 |     6 |     8 |       |       ||    21
       Flail             |       |   230 |   143 |       |       |       |       ||   373
       Whip              |       |       |    99 |   379 |   304 |   120 |    12 ||   914
       Eveningstar       |       |       |       |       |       |       |    24 ||    24
 Cast: Magic Dart        |    78 |   198 |    52 |    23 |       |       |       ||   351
       Call Imp          |       |     2 |    18 |     6 |       |       |       ||    26
       Mephitic Cloud    |       |     2 |    18 |    37 |    27 |    17 |       ||   101
       Stone Arrow       |       |       |       |   268 |   648 |   753 |   393 ||  2062
       Freezing Cloud    |       |       |       |       |    53 |   136 |    82 ||   271
       Blink             |       |       |       |       |     2 |       |       ||     2
       Apportation       |       |       |       |       |     9 |       |       ||     9
       Ignite Poison     |       |       |       |       |       |     8 |       ||     8
       Iron Shot         |       |       |       |       |       |    56 |    37 ||    93
       Spellforged Servi |       |       |       |       |       |     1 |     6 ||     7
Evoke: Wand              |       |       |     6 |    11 |     5 |     4 |     1 ||    27
  Use: Scroll            |       |       |       |       |    12 |    19 |     3 ||    34
       Potion            |       |       |       |       |     1 |     1 |       ||     2
 Stab: Sleeping          |       |     1 |       |     1 |       |       |       ||     2
       Confused          |       |       |     4 |    18 |     2 |       |       ||    24
       Distracted        |       |       |     1 |       |       |       |       ||     1
Armor: Robe              |    17 |   137 |    67 |    13 |       |       |       ||   234
       Swamp dragon scal |       |       |       |   203 |   296 |   118 |    49 ||   666
       Ice dragon scales |       |       |       |       |       |    44 |       ||    44
Dodge: Dodged            |    19 |   166 |   132 |   217 |   233 |   121 |    48 ||   936
Block: Other             |       |     1 |       |       |       |       |       ||     1
       Tower shield      |       |       |       |       |       |   187 |   135 ||   322

Table legend: (Time is in decaauts)
 A = Elapsed time spent in this place.
 B = Non-inter-level travel time spent in this place.
 C = Inter-level travel time spent in this place.
 D = Time resting spent in this place.
 E = Time spent auto-exploring this place.
 F = Levels seen in this place.
 G = Mean time per level.
                   A        B        C        D        E       F      G
               +--------+--------+--------+--------+--------+-----+--------+
         Total |  60034 |  56177 |   3857 |   4220 |  41640 |  39 | 1539.3 |
       Dungeon |  21628 |  19694 |   1934 |   1140 |  14488 |  15 | 1441.9 |
        Temple |     18 |      1 |     17 |      0 |      0 |   1 |   18.0 |
          Lair |  11164 |   9927 |   1237 |    689 |   7694 |   6 | 1860.7 |
         Swamp |   5649 |   5481 |    168 |    504 |   4112 |   4 | 1412.2 |
     Snake Pit |   8117 |   7901 |    216 |    670 |   5986 |   4 | 2029.2 |
  Orcish Mines |   3258 |   3095 |    163 |    388 |   2049 |   2 | 1629.0 |
   Elven Halls |   3925 |   3806 |    119 |     68 |   3197 |   2 | 1962.5 |
        Vaults |   1521 |   1521 |      0 |      0 |   1168 |   2 |  760.5 |
       Ossuary |    944 |    944 |      0 |    214 |    471 |   1 |  944.0 |
      Ice Cave |   2444 |   2444 |      0 |    394 |   1478 |   1 | 2444.0 |
       Volcano |   1361 |   1361 |      0 |    153 |    994 |   1 | 1361.0 |
               +--------+--------+--------+--------+--------+-----+--------+

Top non-repeatable levels by time:
  Lair:5: 3256 daAuts
 Snake:4: 2978 daAuts
   IceCv: 2444 daAuts
   Orc:2: 2223 daAuts
 Snake:3: 2213 daAuts
     D:3: 2012 daAuts
 Swamp:4: 1977 daAuts
   Elf:1: 1964 daAuts
   Elf:2: 1960 daAuts
    D:13: 1927 daAuts
  Lair:6: 1877 daAuts
    D:11: 1771 daAuts
     D:4: 1733 daAuts
 Swamp:1: 1687 daAuts
 Snake:2: 1686 daAuts
